 Dungeon Crawl Stone Soup version 0.28.0-43-g3370ac3207 (webtiles) character file.

Game seed: 16631877822052599305

6078 crimpus the Basher (level 10, -17/65 HPs)
             Began as a Gargoyle Berserker on Mar 7, 2022.
             Was an Elder of Trog.
             Killed from afar by a deep elf pyromancer (29 damage)
             ... with a bolt of fire
             ... on level 8 of the Dungeon.
             The game lasted 00:11:30 (8418 turns).

crimpus the Basher (Gargoyle Berserker)             Turns: 8418, Time: 00:11:30

Health: -17/65     AC: 19    Str: 24    XL:     10   Next: 88%
Magic:  10/10      EV:  9    Int: 12    God:    Trog [****..]
Gold:   385        SH:  0    Dex:  9    Spells: 9/9 levels left

rFire   . . .      SeeInvis .   k - +8 war axe "Sezala" {spect, Will++ Int+3}
rCold   . . .      Faith    .   (no shield)
rNeg    + . .      Spirit   .   g - +0 chain mail
rPois   ∞          Reflect  .   (no helmet)
rElec   +          Harm     .   (no cloak)
rCorr   .          Rampage  .   (no gloves)
Will    ++...                   a - +0 pair of boots
Stlth   ..........              (no amulet)
HPRegen 0.20/turn               n - +4 ring of protection
MPRegen 0.12/turn               (no ring)

@: no status effects
A: sickness immunity, AC +7, negative energy resistance 1, electricity
resistance, torment resistance 1, petrification resistance, deformed body
a: Renounce Religion, Berserk, Trog's Hand, Brothers in Arms


You were on level 8 of the Dungeon.
You worshipped Trog.
Trog was greatly pleased with you.
You visited 1 branch of the dungeon, and saw 8 of its levels.

You collected 385 gold pieces.

Inventory:

Hand Weapons
 k - the +8 war axe "Sezala" (weapon) {spect, Will++ Int+3}
   (You found it on level 7 of the Dungeon)

   When its wielder attacks, the weapon's spirit leaps out and strikes again.
   The spirit shares a part of any damage it takes with its wielder.
   Int:       It affects your intelligence (+3).
   Will:      It greatly increases your willpower.
 m - a +0 whip of flaming
Armour
 a - a +0 pair of boots (worn)
 g - a +0 chain mail (worn)
Jewellery
 n - a +4 ring of protection (left hand)
 q - a +6 ring of intelligence
Wands
 j - a wand of acid (2)
 o - a wand of iceblast (7)
Scrolls
 b - 4 scrolls of teleportation
 c - 5 scrolls of identify
 d - 2 scrolls of fear
 e - a scroll of summoning
 i - 3 scrolls of blinking
Potions
 f - 4 potions of curing
 h - 2 potions of invisibility
 l - 2 potions of brilliance
 p - a potion of degeneration {unknown}


   Skills:
 + Level 8.8 Fighting
 + Level 6.4(8.7) Axes
 - Level 9.8(10.8) Maces & Flails
 + Level 8.8 Armour
 - Level 2.0 Dodging
 - Level 1.3 Stealth


You had 9 spell levels left.
You didn't know any spells.
Your spell library was empty.

Dungeon Overview and Level Annotations

Branches:
Dungeon (8/15)             Temple (0/1) D:6
   Lair: D:8-11

Altars:
Elyvilon
Kikubaaqudgha
Xom

Shops:
D:1 :   D:4 [


Innate Abilities, Weirdness & Mutations

You are immune to sickness and miasma.
Your stone body is resilient. (AC +7)
You are immune to poison.
You resist negative energy. (rN+)
You are resistant to electric shocks. (rElec)
You are resistant to unholy torment.
You are immune to petrification.
Armour fits poorly on your strangely shaped body.


Message History

A deep elf pyromancer comes into view. It is wielding a +0 long sword.
The deep elf pyromancer shouts!
The deep elf pyromancer barely misses you.
You slash the deep elf pyromancer!
The deep elf pyromancer is moderately wounded.
Your +8 war axe "Sezala" {spect, Will++ Int+3} hits the deep elf pyromancer!
The deep elf pyromancer hits you but does no damage.
You closely miss the deep elf pyromancer.
The deep elf pyromancer is severely wounded.
Your +8 war axe "Sezala" {spect, Will++ Int+3} hits the deep elf pyromancer!
The deep elf pyromancer casts a spell.
The deep elf pyromancer blinks!
The deep elf pyromancer gestures wildly while chanting.
You closely miss the deep elf pyromancer.
The deep elf pyromancer is almost dead.
Your +8 war axe "Sezala" {spect, Will++ Int+3} barely misses the deep elf pyromancer.
Your +8 war axe "Sezala" {spect, Will++ Int+3} hits the fire elemental!!
The deep elf pyromancer casts a spell.
The deep elf pyromancer blinks!
The fire elemental barely misses your +8 war axe "Sezala" {spect, Will++ Int+3}.
The fire elemental hits you. The fire elemental burns you!
The fire elemental barely misses you. The fire elemental hits you.
The fire elemental burns you!
The deep elf pyromancer gestures at you while chanting.
The bolt of fire hits you!!
The bolt of fire hits the fire elemental.
The fire elemental completely resists.
You barely miss the deep elf pyromancer.
The deep elf pyromancer is almost dead.
You hit the fire elemental. x2
Your +8 war axe "Sezala" {spect, Will++ Int+3} closely misses the fire elemental.
Your +8 war axe "Sezala" {spect, Will++ Int+3} hits the fire elemental.
Your +8 war axe "Sezala" {spect, Will++ Int+3} barely misses the deep elf pyromancer.
The fire elemental hits you. The fire elemental burns you!
* * * LOW HITPOINT WARNING * * *
The fire elemental hits you. The fire elemental burns you!
* * * LOW HITPOINT WARNING * * *
The deep elf pyromancer gestures at you while chanting.
The bolt of fire hits you!!
You die...

#.#......#
.#.#.####.#
#.#.#.# #.#
..#.#.# #.#
##..#.#.####.#
....#(....##.#
#...#........#
#e..#.#.#.####
#@(.#.#.#.#
#EE.#.#.#.#
#°○.#.#.#.#
#.......#.#
#.#.#...#.#
#.#.#<..#.#
#.#.#####.#
#.#.......#
#.#########


You could see a deep elf pyromancer, 2 fire elementals and a friendly +8 war axe
"Sezala" {spect, Will++ Int+3} (summoned).

Vanquished Creatures
  A boulder beetle (D:7)
  A two-headed ogre (D:7)
  Pikel (D:6)
  A wizard (D:7)
  Joseph (D:7)
  A troll (D:7)
  A hornet (D:7)
  A vampire mosquito (D:7)
  3 water moccasins
  A black bear (D:7)
  An orc warrior (D:7)
  A sky beast (D:5)
  3 necrophages
  An ice beast (D:5)
  An ogre (D:4)
  2 centaurs
  A phantom (D:7)
  2 bullfrogs (D:7)
  2 gnoll sergeants
  2 wyvern zombies (D:7)
  7 scorpions
  A water moccasin skeleton (D:7)
  A killer bee (D:7)
  2 howler monkeys
  A centaur zombie (D:7)
  A bullfrog zombie (D:7)
  5 hounds
  3 jellies
  An orc priest (D:5)
  A gnoll shaman (D:7)
  3 iguanas
  An orc wizard (D:5)
  3 killer bee zombies
  Robin (D:3)
  9 adders
  18 gnolls
  4 white imps
  2 ufetubi
  3 worms
  2 dart slugs
  5 orcs
  6 bats
  6 endoplasms
  4 giant cockroaches
  18 goblins
  13 hobgoblins
  6 jackals (D:1)
  3 quokkas
  8 ball pythons
  2 frilled lizards (D:1)
  4 kobolds
  5 rats (D:1)
177 creatures vanquished.

Notes
Turn   | Place    | Note
-------+----------+-------------------------------------------
     0 | D:1      | crimpus the Gargoyle Berserker began the quest for the Orb.
     0 | D:1      | Reached XP level 1. HP: 14/14 MP: 1/1
   163 | D:1      | Reached XP level 2. HP: 19/19 MP: 2/2
   511 | D:1      | Found a faded altar of an unknown god.
   769 | D:1      | Reached ** piety under Trog
   770 | D:1      | Reached XP level 3. HP: 24/24 MP: 3/3
  1269 | D:1      | Found Verae's Book Shoppe.
  1720 | D:2      | Reached skill level 4 in Maces & Flails
  1720 | D:2      | Reached XP level 4. HP: 20/29 MP: 4/4
  2355 | D:3      | Reached XP level 5. HP: 32/33 MP: 5/5
  2533 | D:3      | Noticed Robin
  2545 | D:3      | Killed Robin
  2557 | D:3      | Reached *** piety under Trog
  3182 | D:4      | Reached skill level 5 in Maces & Flails
  3182 | D:4      | Reached XP level 6. HP: 19/39 MP: 6/6
  3423 | D:4      | Gained mutation: Your body sometimes deteriorates upon
                  | taking damage. [potion of mutation]
  3423 | D:4      | Gained mutation: You have a pair of small horns on your
                  | head. [potion of mutation]
  3502 | D:4      | Found Muamewn's Armour Boutique.
  3593 | D:4      | Reached skill level 6 in Maces & Flails
  3698 | D:4      | Reached XP level 7. HP: 41/44 MP: 7/7
  3969 | D:5      | Entered Level 5 of the Dungeon
  4072 | D:5      | Reached skill level 5 in Fighting
  4241 | D:5      | Reached skill level 7 in Maces & Flails
  4258 | D:5      | Reached skill level 1 in Stealth
  4270 | D:5      | Reached XP level 8. HP: 36/50 MP: 8/8
  4631 | D:5      | Found a glowing drain.
  5086 | D:5      | Lost mutation: Your body sometimes deteriorates upon taking
                  | damage. [potion of mutation]
  5086 | D:5      | Lost mutation: You have a pair of small horns on your head.
                  | [potion of mutation]
  5086 | D:5      | Gained mutation: Armour fits poorly on your strangely
                  | shaped body. [potion of mutation]
  5103 | D:6      | Found an ancient bone altar of Kikubaaqudgha.
  5298 | D:6      | Found a staircase to the Ecumenical Temple.
  5329 | D:6      | Reached skill level 8 in Maces & Flails
  5387 | D:6      | Noticed Pikel
  5411 | D:6      | Killed Pikel
  5412 | D:6      | Reached skill level 9 in Maces & Flails
  5601 | D:6      | Reached skill level 5 in Armour
  5601 | D:6      | Reached XP level 9. HP: 47/56 MP: 9/9
  6959 | D:7      | Identified the +8 war axe "Sezala" {spect, Will++ Int+3}
  7094 | D:7      | Noticed a boulder beetle
  7096 | D:7      | Noticed a wizard
  7270 | D:7      | Reached skill level 1 in Axes
  7277 | D:7      | Found a white marble altar of Elyvilon.
  7332 | D:7      | Noticed a hornet
  7334 | D:7      | Noticed a troll
  7337 | D:7      | Killed a hornet
  7340 | D:7      | Killed a troll
  7442 | D:7      | Reached XP level 10. HP: 64/64 MP: 10/10
  7549 | D:7      | Noticed Joseph
  7555 | D:7      | Reached **** piety under Trog
  7559 | D:7      | Killed Joseph
  7781 | D:7      | Killed a wizard
  7796 | D:7      | Killed a boulder beetle
  7797 | D:7      | Reached skill level 5 in Axes
  7982 | D:7      | Noticed a two-headed ogre
  7986 | D:7      | Killed a two-headed ogre
  8181 | D:7      | Found a shimmering altar of Xom.
  8407 | D:8      | Noticed a deep elf pyromancer
  8418 | D:8      | Killed from afar by a deep elf pyromancer

Illustrated notes

Levels and vault maps discovered:
D:1:      dpeg_arrival_prison, layout_loops_corners, basic_ecumenical_altar,
          serial_shops, nicolae_shop_statue_plus, nicolae_figureground_pulse
D:2:      layout_rooms
D:3:      layout_rooms, serial_corexii_hall, corexii_hall_statues_u,
          chequers_hall_statues_y, chequers_hall_statues_corner_a,
          corexii_hall_statues_i, nicolae_figureground_sparkle, uniq_robin
D:4:      layout_basic, serial_shops, nicolae_shop_advertising_works
          [nicolae_subvault_shop_adworks], hangedman_decor_opposing
D:5:      layout_cave_pods, cheibrodos_sewer_entry_bend
D:6:      layout_basic, mainiacjoe_overflow_24_doors,
          minmay_temple_entry_arrows, uniq_pikel
D:7:      nzn_winding_woodlands_small [nzn_winding_woodlands_5x15_sidewinder,
          nzn_winding_woodlands_center_pierced_h,
          nzn_winding_woodlands_5x15_longhouse], layout_rooms,
          mainiacjoe_overflow_concentric_impassable,
          mainiacjoe_overflow_chevrons, grunt_decor_resistance, uniq_joseph
D:8:      layout_basic, lemuel_crystal_altar

Skill      XL: |  1  2  3  4  5  6  7  8  9 10 |
---------------+-------------------------------+-----
Dodging        | 2 |  2.0
Maces & Flails | 4 5 6 7 9 |  9.8
Fighting       | 4 5 6 7 8 |  8.8
Armour         | 3 4 5 7 8 |  8.8
Stealth        | 1 |  1.3
Axes           | 2 6 |  6.4

Action                   |  1- 3 |  4- 6 |  7- 9 | 10-12 || total
-------------------------+-------+-------+-------+-------++-------
Melee: Mace              |   151 |   157 |   137 |       ||   445
       Punch             |       |     2 |     2 |       ||     4
       Headbutt          |       |     7 |    16 |       ||    23
       Whip              |       |       |   123 |       ||   123
       War axe           |       |       |    22 |    66 ||    88
Invok: Berserk           |       |     5 |     7 |     3 ||    15
  Use: Scroll            |       |     5 |     1 |       ||     6
       Potion            |       |     3 |     3 |       ||     6
Armor: Animal skin       |    10 |       |       |       ||    10
       Leather armour    |    65 |    84 |    73 |       ||   222
       Chain mail        |       |       |    77 |    45 ||   122
Dodge: Dodged            |    99 |    80 |   138 |    39 ||   356
